2343 views
Uploaded 2022-05-12 19:27:01
Game version 1.32.10
48:06 long 3on3 ladder game on (6)StranglethornVale
Saved by Cabeelibob
2343 views
Uploaded 2022-05-12 19:27:01
Game version 1.32.10
48:06 long 3on3 ladder game on (6)StranglethornVale


161 units @ 23.1k
/ 3.7k
88 buildings @ 13.9k
/ 5k



| Moonstone | 1 | 50 |
| total: | 1 | 50g |
| Wisp | 32 | 1920 | / | 0 |
| Huntress | 10 | 1950 | / | 200 |
| Glaive Thrower | 10 | 2100 | / | 650 |
| Hippogryph | 7 | 1120 | / | 140 |
| Goblin Sapper | 3 | 645 | / | 300 |
| total: | 62 | 7735g | / | 1290w |
| Altar of Elders | 1 | 180 | / | 50 |
| Moon Well | 5 | 900 | / | 200 |
| Ancient of Wonders | 2 | 180 | / | 60 |
| Hunter's Hall | 1 | 210 | / | 100 |
| Ancient of War | 3 | 450 | / | 180 |
| Tree of Life | 4 | 1360 | / | 740 |
| Ancient of Wind | 2 | 300 | / | 280 |
| Tree of Ages | 3 | 960 | / | 540 |
| Tree of Eternity | 1 | 330 | / | 200 |
| total: | 18 | 3580g | / | 1610w |
| 0:06 | Wisp |
| 0:06 | Wisp |
| 0:06 | Wisp |
| 0:21 | Altar of Elders |
| 0:31 | Wisp |
| 0:38 | Moon Well |
| 0:48 | Wisp |
| 1:02 | Wisp |
| 1:18 | Ancient of Wonders |
| 1:24 | Wisp |
| 1:41 | Wisp |
| 1:41 | Wisp |
| 1:48 | Hunter's Hall |
| 2:07 | Wisp |
| 2:08 | Wisp |
| 2:11 | Wisp |
| 2:14 | Ancient of War |
| 2:15 | Ancient of War |
| 2:30 | Ancient of War |
| 2:36 | Moonstone |
| 2:42 | Entangling Roots |
| 2:51 | Moon Well |
| 3:07 | Moon Well |
| 3:41 | Tree of Ages |
| 4:22 | Huntress |
| 4:27 | Ultravision |
| 5:28 | Huntress |
| 5:30 | Sentinel |
| 6:17 | Moon Glaive |
| 6:18 | Huntress |
| 6:31 | Thorns Aura |
| 6:33 | Wisp |
| 6:33 | Wisp |
| 6:33 | Wisp |
| 7:08 | Tree of Life |
| 7:53 | Moon Well |
| 8:23 | Huntress |
| 8:47 | Huntress |
| 8:48 | Huntress |
| 9:48 | Wisp |
| 9:48 | Wisp |
| 9:48 | Wisp |
| 9:49 | Wisp |
| 9:49 | Wisp |
| 9:54 | Huntress |
| 10:12 | Moon Well |
| 11:28 | Huntress |
| 11:29 | Huntress |
| 12:14 | Huntress |
| 13:10 | Trueshot Aura |
| 13:37 | Strength of the Moon |
| 13:38 | Moon Armor |
| 13:42 | Tree of Eternity |
| 14:46 | Entangling Roots |
| 15:06 | Improved Strength of the Moon |
| 15:19 | Wisp |
| 15:19 | Wisp |
| 15:20 | Wisp |
| 16:02 | Improved Moon Armor |
| 16:03 | Well Spring |
| 16:09 | Wisp |
| 16:10 | Wisp |
| 16:40 | Pocket Factory |
| 16:56 | Advanced Strength of the Moon |
| 17:02 | Goblin Sapper |
| 17:03 | Goblin Sapper |
| 17:03 | Goblin Sapper |
| 18:07 | Vorpal Blades |
| 18:07 | Glaive Thrower |
| 18:08 | Glaive Thrower |
| 18:08 | Glaive Thrower |
| 18:21 | Advanced Moon Armor |
| 19:12 | Glaive Thrower |
| 20:48 | Ancient of Wonders |
| 20:50 | Ancient of Wind |
| 20:52 | Ancient of Wind |
| 20:55 | Wisp |
| 21:23 | Tree of Life |
| 21:27 | Tree of Ages |
| 21:32 | Tree of Life |
| 22:01 | Hippogryph |
| 22:01 | Hippogryph |
| 22:01 | Hippogryph |
| 22:02 | Hippogryph |
| 22:02 | Hippogryph |
| 22:02 | Hippogryph |
| 22:02 | Hippogryph |
| 22:10 | Strength of the Wild |
| 22:11 | Reinforced Hides |
| 23:39 | Tree of Life |
| 24:13 | Wisp |
| 24:13 | Wisp |
| 24:14 | Wisp |
| 24:14 | Wisp |
| 24:14 | Wisp |
| 24:24 | Wisp |
| 25:32 | Tree of Ages |
| 25:42 | Glaive Thrower |
| 25:43 | Glaive Thrower |
| 25:43 | Glaive Thrower |
| 25:44 | Glaive Thrower |
| 25:45 | Glaive Thrower |
| 25:46 | Glaive Thrower |
| 26:29 | Engineering Upgrade |
| Right click | 940 |
| Select | 224 |
| Select group | 145 |
| Build/train/purchase | 103 |
| Use ability | 31 |
| Misc. action | 26 |
| Assign group | 23 |
| Remove unit | 6 |
| Minimap ping | 2 |


| Dust of Appearance | 1 | 75 |
| Periapt of Vitality | 1 | 325 |
| Circlet of Nobility | 2 | 350 |
| total: | 4 | 750g |
| Peasant | 10 | 750 | / | 0 |
| Rifleman | 17 | 3485 | / | 510 |
| Knight | 5 | 1225 | / | 300 |
| Mortar Team | 7 | 1260 | / | 490 |
| total: | 39 | 6720g | / | 1300w |
| Scout Tower | 10 | 300 | / | 200 |
| Guard Tower | 3 | 210 | / | 150 |
| Altar of Kings | 1 | 180 | / | 50 |
| Farm | 11 | 880 | / | 220 |
| Barracks | 1 | 160 | / | 60 |
| Blacksmith | 1 | 140 | / | 60 |
| Lumber Mill | 1 | 120 | / | 0 |
| Arcane Vault | 1 | 130 | / | 30 |
| Town Hall | 3 | 1155 | / | 615 |
| Arcane Sanctum | 1 | 150 | / | 140 |
| Workshop | 1 | 140 | / | 140 |
| Keep | 2 | 640 | / | 420 |
| Castle | 2 | 720 | / | 420 |
| total: | 31 | 3355g | / | 1515w |
| 0:02 | Peasant |
| 0:02 | Peasant |
| 0:03 | Peasant |
| 0:03 | Peasant |
| 0:03 | Peasant |
| 0:21 | Altar of Kings |
| 0:36 | Farm |
| 0:51 | Barracks |
| 1:10 | Peasant |
| 1:15 | Blacksmith |
| 1:25 | Peasant |
| 1:44 | Farm |
| 1:48 | Peasant |
| 2:20 | Farm |
| 2:28 | Storm Bolt |
| 2:30 | Rifleman |
| 2:35 | Black Gunpowder |
| 2:46 | Rifleman |
| 3:10 | Farm |
| 3:13 | Rifleman |
| 3:28 | Rifleman |
| 3:55 | Rifleman |
| 4:01 | Farm |
| 4:33 | Rifleman |
| 4:36 | Keep |
| 5:32 | Scout Tower |
| 5:45 | Rifleman |
| 5:53 | Lumber Mill |
| 7:03 | Guard Tower |
| 7:11 | Farm |
| 7:17 | Long Rifles |
| 7:18 | Refined Gunpowder |
| 7:36 | Studded Leather Armor |
| 8:13 | Bash |
| 8:44 | Storm Bolt |
| 9:00 | Farm |
| 9:18 | Holy Light |
| 10:06 | Rifleman |
| 10:06 | Rifleman |
| 10:07 | Reinforced Leather Armor |
| 10:09 | Castle |
| 10:16 | Arcane Vault |
| 10:19 | Farm |
| 12:28 | Rifleman |
| 12:36 | Arcane Sanctum |
| 13:28 | Farm |
| 13:33 | Imbued Gunpowder |
| 13:41 | Periapt of Vitality |
| 13:43 | Circlet of Nobility |
| 14:19 | Devotion Aura |
| 14:59 | Bash |
| 15:05 | Dragonhide Armor |
| 15:24 | Sorceress Adept Training |
| 16:12 | Farm |
| 16:25 | Circlet of Nobility |
| 16:39 | Sorceress Master Training |
| 18:07 | Knight |
| 18:07 | Knight |
| 18:07 | Knight |
| 18:47 | Magic Sentry |
| 18:52 | Knight |
| 18:52 | Knight |
| 19:17 | Peasant |
| 19:17 | Peasant |
| 19:40 | Rifleman |
| 19:40 | Rifleman |
| 21:08 | Scout Tower |
| 21:13 | Scout Tower |
| 21:18 | Scout Tower |
| 21:20 | Scout Tower |
| 21:23 | Scout Tower |
| 21:27 | Scout Tower |
| 22:30 | Guard Tower |
| 22:36 | Scout Tower |
| 22:40 | Scout Tower |
| 22:45 | Scout Tower |
| 24:12 | Guard Tower |
| 25:05 | Town Hall |
| 25:43 | Town Hall |
| 26:03 | Holy Light |
| 26:26 | Farm |
| 31:35 | Storm Bolt |
| 33:08 | Keep |
| 33:16 | Town Hall |
| 36:40 | Dust of Appearance |
| 39:01 | Avatar |
| 40:21 | Workshop |
| 41:33 | Devotion Aura |
| 43:00 | Rifleman |
| 43:00 | Rifleman |
| 43:00 | Rifleman |
| 43:00 | Rifleman |
| 43:37 | Mortar Team |
| 43:38 | Mortar Team |
| 43:38 | Mortar Team |
| 43:38 | Mortar Team |
| 44:22 | Castle |
| 44:26 | Rifleman |
| 44:30 | Mortar Team |
| 45:06 | Mortar Team |
| 46:49 | Mortar Team |
| 47:07 | Bash |
| Right click | 1264 |
| Select group | 318 |
| Select | 296 |
| Build/train/purchase | 87 |
| Use ability | 61 |
| Assign group | 26 |
| Resource trade | 13 |
| Misc. action | 10 |
| Item give/drop | 6 |
| Remove unit | 4 |


| Lesser Clarity Potion | 1 | 70 |
| total: | 1 | 70g |
| Acolyte | 18 | 1350 | / | 0 |
| Ghoul | 8 | 960 | / | 0 |
| Crypt Fiend | 5 | 1075 | / | 200 |
| Frost Wyrm | 5 | 1925 | / | 600 |
| Necromancer | 1 | 145 | / | 20 |
| Gargoyle | 5 | 875 | / | 150 |
| Archer | 18 | 2340 | / | 180 |
| total: | 60 | 8670g | / | 1150w |
| Spirit Tower | 6 | 870 | / | 240 |
| Altar of Darkness | 3 | 540 | / | 150 |
| Ziggurat | 16 | 2400 | / | 800 |
| Crypt | 5 | 1000 | / | 250 |
| Graveyard | 3 | 645 | / | 0 |
| Tomb of Relics | 1 | 130 | / | 30 |
| Necropolis | 7 | 1575 | / | 0 |
| Temple of the Damned | 2 | 310 | / | 280 |
| Boneyard | 2 | 350 | / | 400 |
| Halls of the Dead | 4 | 1280 | / | 840 |
| Black Citadel | 1 | 325 | / | 230 |
| total: | 39 | 6950g | / | 1910w |
| 0:04 | Acolyte |
| 0:04 | Acolyte |
| 0:05 | Acolyte |
| 0:07 | Altar of Darkness |
| 0:15 | Ziggurat |
| 0:40 | Crypt |
| 1:18 | Acolyte |
| 1:30 | Graveyard |
| 1:33 | Ziggurat |
| 1:44 | Ghoul |
| 1:49 | Ghoul |
| 2:10 | Crypt |
| 2:19 | Frost Nova |
| 2:29 | Ghoul |
| 2:53 | Crypt Fiend |
| 3:04 | Tomb of Relics |
| 3:16 | Crypt Fiend |
| 3:28 | Ghoul |
| 3:44 | Ghoul |
| 4:03 | Ziggurat |
| 4:17 | Spirit Tower |
| 4:38 | Spirit Tower |
| 4:55 | Ziggurat |
| 4:59 | Crypt Fiend |
| 5:41 | Frost Armor |
| 6:07 | Crypt Fiend |
| 6:09 | Unholy Strength |
| 6:13 | Acolyte |
| 6:13 | Acolyte |
| 6:15 | Halls of the Dead |
| 6:47 | Improved Unholy Strength |
| 6:48 | Creature Attack |
| 6:54 | Spirit Tower |
| 7:35 | Frost Nova |
| 7:43 | Crypt Fiend |
| 7:49 | Spirit Tower |
| 9:19 | Black Citadel |
| 9:57 | Web |
| 10:04 | Temple of the Damned |
| 10:12 | Death Coil |
| 10:28 | Ziggurat |
| 11:31 | Ziggurat |
| 11:34 | Skeletal Mastery |
| 11:36 | Necromancer Adept Training |
| 12:08 | Temple of the Damned |
| 12:38 | Necromancer Master Training |
| 12:44 | Acolyte |
| 12:44 | Acolyte |
| 12:44 | Acolyte |
| 12:45 | Acolyte |
| 12:47 | Acolyte |
| 13:21 | Acolyte |
| 13:24 | Spirit Tower |
| 13:27 | Ziggurat |
| 14:08 | Boneyard |
| 14:13 | Ghoul |
| 14:15 | Ghoul |
| 14:41 | Acolyte |
| 14:41 | Acolyte |
| 14:42 | Acolyte |
| 14:48 | Boneyard |
| 14:57 | Ziggurat |
| 15:03 | Ziggurat |
| 15:10 | Spirit Tower |
| 15:21 | Ziggurat |
| 15:41 | Ghoul |
| 16:23 | Frost Wyrm |
| 16:24 | Freezing Breath |
| 16:29 | Necromancer |
| 16:57 | Frost Wyrm |
| 17:01 | Frost Wyrm |
| 17:23 | Improved Creature Attack |
| 17:25 | Creature Carapace |
| 18:06 | Frost Wyrm |
| 18:31 | Frost Wyrm |
| 18:49 | Unholy Aura |
| 19:01 | Frost Armor |
| 20:45 | Necropolis |
| 21:51 | Necropolis |
| 22:26 | Necropolis |
| 25:01 | Necropolis |
| 25:33 | Necropolis |
| 27:25 | Altar of Darkness |
| 27:30 | Crypt |
| 28:01 | Archer |
| 28:01 | Archer |
| 28:01 | Archer |
| 28:01 | Archer |
| 28:01 | Archer |
| 28:02 | Archer |
| 28:02 | Archer |
| 28:02 | Archer |
| 28:02 | Archer |
| 28:26 | Graveyard |
| 29:37 | Halls of the Dead |
| 29:42 | Crypt |
| 30:25 | Ziggurat |
| 30:43 | Archer |
| 30:43 | Archer |
| 30:43 | Archer |
| 30:44 | Archer |
| 30:44 | Archer |
| 30:44 | Archer |
| 30:44 | Archer |
| 32:21 | Archer |
| 32:21 | Archer |
| 32:43 | Necropolis |
| 33:31 | Altar of Darkness |
| 34:39 | Halls of the Dead |
| 35:57 | Crypt |
| 36:41 | Graveyard |
| 37:06 | Ziggurat |
| 37:30 | Ziggurat |
| 37:33 | Ziggurat |
| 38:05 | Gargoyle |
| 38:05 | Gargoyle |
| 38:06 | Gargoyle |
| 38:36 | Gargoyle |
| 39:02 | Acolyte |
| 39:03 | Acolyte |
| 39:03 | Acolyte |
| 39:16 | Gargoyle |
| 39:35 | Necropolis |
| 41:56 | Frost Nova |
| 42:18 | Ziggurat |
| 42:42 | Lesser Clarity Potion |
| 43:38 | Ziggurat |
| 44:23 | Halls of the Dead |
| Right click | 825 |
| Select | 517 |
| Build/train/purchase | 97 |
| Use ability | 35 |
| Remove unit | 18 |
| Minimap ping | 8 |
| Resource trade | 7 |
| Item give/drop | 2 |
108 units @ 10.4k
/ 1.6k
153 buildings @ 11.7k
/ 5.7k
Cabeelibob
(194)
(48:02) : 

| Healing Salve | 1 | 100 |
| Lesser Clarity Potion | 9 | 630 |
| Orb of Lightning | 1 | 375 |
| Tiny Great Hall | 1 | 600 |
| Potion of Mana | 1 | 200 |
| Staff of Teleportation | 1 | 150 |
| Boots of Speed | 1 | 250 |
| Periapt of Vitality | 1 | 325 |
| total: | 16 | 2630g |
| Peon | 26 | 1950 | / | 0 |
| Troll Witch Doctor | 4 | 580 | / | 100 |
| total: | 30 | 2530g | / | 100w |
| Watch Tower | 8 | 880 | / | 640 |
| Altar of Storms | 2 | 360 | / | 100 |
| Orc Burrow | 5 | 800 | / | 200 |
| War Mill | 2 | 410 | / | 0 |
| Voodoo Lounge | 2 | 260 | / | 60 |
| Great Hall | 1 | 385 | / | 185 |
| Spirit Lodge | 1 | 150 | / | 150 |
| Stronghold | 1 | 315 | / | 190 |
| Fortress | 1 | 325 | / | 190 |
| total: | 21 | 3245g | / | 1335w |
| 0:05 | Altar of Storms |
| 0:13 | Orc Burrow |
| 0:14 | Peon |
| 0:27 | Peon |
| 0:33 | Peon |
| 0:46 | Peon |
| 0:56 | War Mill |
| 1:15 | Orc Burrow |
| 1:23 | Peon |
| 1:32 | Peon |
| 1:56 | Peon |
| 1:56 | Peon |
| 2:12 | Voodoo Lounge |
| 2:14 | Wind Walk |
| 2:29 | Peon |
| 2:32 | Spiked Barricades |
| 2:45 | Peon |
| 2:54 | Orc Burrow |
| 2:59 | Peon |
| 3:42 | Watch Tower |
| 4:03 | Healing Salve |
| 4:06 | Peon |
| 4:06 | Peon |
| 4:09 | Lesser Clarity Potion |
| 4:56 | Great Hall |
| 6:42 | Watch Tower |
| 6:43 | Watch Tower |
| 7:11 | Staff of Teleportation |
| 7:11 | Boots of Speed |
| 7:13 | Periapt of Vitality |
| 7:47 | Critical Strike |
| 8:34 | Stronghold |
| 8:43 | Voodoo Lounge |
| 9:45 | Watch Tower |
| 9:50 | Watch Tower |
| 10:00 | Watch Tower |
| 10:08 | Altar of Storms |
| 10:42 | Lesser Clarity Potion |
| 10:44 | Lesser Clarity Potion |
| 11:04 | Watch Tower |
| 11:07 | Watch Tower |
| 11:51 | Fortress |
| 12:03 | Spirit Lodge |
| 13:51 | Witch Doctor Adept Training |
| 13:58 | War Mill |
| 14:55 | Witch Doctor Master Training |
| 14:55 | Troll Witch Doctor |
| 14:55 | Troll Witch Doctor |
| 14:55 | Troll Witch Doctor |
| 14:56 | Troll Witch Doctor |
| 15:03 | Orc Burrow |
| 15:04 | Orc Burrow |
| 17:06 | Orb of Lightning |
| 17:07 | Tiny Great Hall |
| 18:07 | Peon |
| 18:08 | Peon |
| 18:08 | Peon |
| 18:08 | Peon |
| 18:08 | Peon |
| 20:05 | Critical Strike |
| 20:05 | Wind Walk |
| 20:15 | Wind Walk |
| 21:19 | Lesser Clarity Potion |
| 22:38 | Peon |
| 22:39 | Peon |
| 22:39 | Peon |
| 22:39 | Peon |
| 22:39 | Peon |
| 22:39 | Peon |
| 22:39 | Peon |
| 22:39 | Peon |
| 27:10 | Bladestorm |
| 28:22 | Lesser Clarity Potion |
| 29:50 | Lesser Clarity Potion |
| 34:21 | Critical Strike |
| 36:45 | Lesser Clarity Potion |
| 39:15 | Mirror Image |
| 44:04 | Lesser Clarity Potion |
| 44:06 | Potion of Mana |
| 44:08 | Lesser Clarity Potion |
| 44:24 | Drunken Brawler |
| 46:44 | Breath of Fire |
| 46:46 | Mirror Image |
| Right click | 1541 |
| Select | 210 |
| Select group | 195 |
| Misc. action | 158 |
| Build/train/purchase | 138 |
| Resource trade | 53 |
| Chat | 21 |
| Use ability | 18 |
| Minimap ping | 6 |
| Assign group | 3 |
Jgraham2
(30)
(47:46) : 

| Peasant | 18 | 1350 | / | 0 |
| total: | 18 | 1350g | / | 0w |
| Scout Tower | 49 | 1470 | / | 980 |
| Arcane Tower | 1 | 70 | / | 50 |
| Guard Tower | 23 | 1610 | / | 1150 |
| Altar of Kings | 2 | 360 | / | 100 |
| Farm | 9 | 720 | / | 180 |
| Lumber Mill | 2 | 240 | / | 0 |
| Town Hall | 5 | 1925 | / | 1025 |
| Keep | 1 | 320 | / | 210 |
| Castle | 1 | 360 | / | 210 |
| total: | 67 | 4715g | / | 2285w |
| 0:10 | Altar of Kings |
| 0:22 | Peasant |
| 0:22 | Peasant |
| 0:22 | Peasant |
| 0:22 | Peasant |
| 0:41 | Farm |
| 0:42 | Farm |
| 0:42 | Farm |
| 1:00 | Scout Tower |
| 1:06 | Peasant |
| 1:06 | Peasant |
| 1:30 | Lumber Mill |
| 1:48 | Arcane Tower |
| 2:38 | Storm Bolt |
| 2:45 | Peasant |
| 2:45 | Peasant |
| 2:45 | Peasant |
| 2:45 | Peasant |
| 2:45 | Peasant |
| 2:52 | Scout Tower |
| 2:54 | Scout Tower |
| 2:56 | Improved Lumber Harvesting |
| 3:30 | Guard Tower |
| 3:43 | Peasant |
| 3:44 | Peasant |
| 3:44 | Peasant |
| 3:44 | Peasant |
| 3:48 | Guard Tower |
| 4:02 | Scout Tower |
| 4:03 | Scout Tower |
| 4:04 | Scout Tower |
| 4:05 | Scout Tower |
| 4:05 | Scout Tower |
| 4:06 | Scout Tower |
| 4:07 | Scout Tower |
| 4:07 | Scout Tower |
| 4:08 | Scout Tower |
| 4:28 | Peasant |
| 4:36 | Guard Tower |
| 5:01 | Keep |
| 5:30 | Guard Tower |
| 5:33 | Guard Tower |
| 5:38 | Scout Tower |
| 5:39 | Scout Tower |
| 5:39 | Scout Tower |
| 5:45 | Scout Tower |
| 5:50 | Scout Tower |
| 5:50 | Scout Tower |
| 5:51 | Scout Tower |
| 6:12 | Guard Tower |
| 6:18 | Scout Tower |
| 6:23 | Guard Tower |
| 6:35 | Guard Tower |
| 6:45 | Scout Tower |
| 6:46 | Scout Tower |
| 6:47 | Scout Tower |
| 6:48 | Scout Tower |
| 6:48 | Scout Tower |
| 6:50 | Scout Tower |
| 6:51 | Scout Tower |
| 6:51 | Scout Tower |
| 6:52 | Scout Tower |
| 7:04 | Guard Tower |
| 7:15 | Guard Tower |
| 7:24 | Advanced Lumber Harvesting |
| 7:40 | Guard Tower |
| 8:02 | Scout Tower |
| 8:04 | Scout Tower |
| 8:04 | Scout Tower |
| 8:05 | Scout Tower |
| 8:07 | Guard Tower |
| 8:22 | Improved Masonry |
| 8:34 | Holy Light |
| 8:41 | Guard Tower |
| 8:52 | Scout Tower |
| 8:53 | Scout Tower |
| 8:54 | Scout Tower |
| 8:55 | Scout Tower |
| 9:43 | Altar of Kings |
| 9:48 | Guard Tower |
| 9:52 | Scout Tower |
| 9:53 | Scout Tower |
| 9:54 | Scout Tower |
| 9:55 | Scout Tower |
| 9:56 | Scout Tower |
| 10:01 | Advanced Masonry |
| 10:16 | Guard Tower |
| 10:50 | Guard Tower |
| 10:55 | Castle |
| 11:01 | Guard Tower |
| 11:04 | Scout Tower |
| 11:16 | Scout Tower |
| 11:17 | Scout Tower |
| 11:18 | Scout Tower |
| 11:18 | Scout Tower |
| 11:19 | Scout Tower |
| 11:41 | Guard Tower |
| 11:54 | Lumber Mill |
| 11:56 | Guard Tower |
| 12:34 | Guard Tower |
| 12:46 | Guard Tower |
| 13:00 | Farm |
| 13:01 | Farm |
| 13:02 | Farm |
| 13:21 | Imbued Masonry |
| 13:54 | Farm |
| 15:18 | Town Hall |
| 15:24 | Guard Tower |
| 15:49 | Farm |
| 15:51 | Farm |
| 19:04 | Town Hall |
| 24:47 | Peasant |
| 24:47 | Peasant |
| 31:19 | Scout Tower |
| 32:11 | Guard Tower |
| 44:00 | Town Hall |
| 44:06 | Town Hall |
| 44:41 | Town Hall |
| Right click | 1630 |
| Select group | 1222 |
| Select | 323 |
| Build/train/purchase | 59 |
| Minimap ping | 59 |
| Resource trade | 41 |
| Assign group | 15 |
| Use ability | 11 |
| Remove unit | 2 |


| Peasant | 23 | 1725 | / | 0 |
| Mortar Team | 9 | 1620 | / | 630 |
| Flying Machine | 24 | 2400 | / | 720 |
| Dragonhawk Rider | 4 | 800 | / | 120 |
| total: | 60 | 6545g | / | 1470w |
| Scout Tower | 45 | 1350 | / | 900 |
| Arcane Tower | 1 | 70 | / | 50 |
| Guard Tower | 15 | 1050 | / | 750 |
| Altar of Kings | 1 | 180 | / | 50 |
| Farm | 11 | 880 | / | 220 |
| Lumber Mill | 1 | 120 | / | 0 |
| Town Hall | 1 | 385 | / | 205 |
| Blacksmith | 1 | 140 | / | 60 |
| Arcane Vault | 1 | 130 | / | 30 |
| Workshop | 3 | 420 | / | 420 |
| Gryphon Aviary | 1 | 140 | / | 150 |
| Keep | 2 | 640 | / | 420 |
| Castle | 1 | 360 | / | 210 |
| total: | 65 | 3745g | / | 2035w |
| 0:04 | Peasant |
| 0:05 | Peasant |
| 0:19 | Altar of Kings |
| 0:23 | Farm |
| 0:43 | Lumber Mill |
| 0:47 | Peasant |
| 0:55 | Farm |
| 0:57 | Peasant |
| 1:32 | Scout Tower |
| 1:37 | Peasant |
| 1:50 | Peasant |
| 1:55 | Improved Lumber Harvesting |
| 2:04 | Farm |
| 2:08 | Arcane Tower |
| 2:11 | Peasant |
| 2:25 | Peasant |
| 2:33 | Storm Bolt |
| 2:44 | Peasant |
| 2:55 | Peasant |
| 2:59 | Improved Masonry |
| 3:01 | Peasant |
| 3:33 | Peasant |
| 3:33 | Peasant |
| 3:40 | Town Hall |
| 3:54 | Peasant |
| 3:55 | Peasant |
| 4:16 | Peasant |
| 4:17 | Scout Tower |
| 4:50 | Guard Tower |
| 4:52 | Peasant |
| 4:58 | Keep |
| 5:06 | Peasant |
| 5:10 | Scout Tower |
| 5:10 | Scout Tower |
| 5:12 | Scout Tower |
| 5:13 | Scout Tower |
| 5:13 | Scout Tower |
| 5:14 | Scout Tower |
| 5:17 | Peasant |
| 5:32 | Peasant |
| 5:42 | Guard Tower |
| 5:43 | Scout Tower |
| 5:46 | Scout Tower |
| 5:47 | Scout Tower |
| 5:47 | Scout Tower |
| 5:57 | Scout Tower |
| 5:58 | Scout Tower |
| 6:02 | Peasant |
| 6:02 | Peasant |
| 6:15 | Guard Tower |
| 6:17 | Peasant |
| 6:46 | Scout Tower |
| 6:47 | Scout Tower |
| 6:48 | Scout Tower |
| 6:48 | Scout Tower |
| 6:54 | Guard Tower |
| 6:56 | Scout Tower |
| 6:56 | Scout Tower |
| 6:58 | Scout Tower |
| 6:59 | Scout Tower |
| 7:02 | Guard Tower |
| 7:06 | Scout Tower |
| 7:14 | Guard Tower |
| 7:20 | Blacksmith |
| 7:22 | Castle |
| 8:16 | Guard Tower |
| 8:17 | Scout Tower |
| 8:18 | Scout Tower |
| 8:19 | Scout Tower |
| 8:27 | Holy Light |
| 8:40 | Guard Tower |
| 8:42 | Workshop |
| 8:47 | Workshop |
| 8:48 | Workshop |
| 9:39 | Guard Tower |
| 9:44 | Black Gunpowder |
| 9:44 | Iron Plating |
| 9:46 | Farm |
| 9:47 | Farm |
| 9:49 | Flying Machine Bombs |
| 10:01 | Flak Cannons |
| 10:01 | Flare |
| 10:06 | Advanced Lumber Harvesting |
| 10:07 | Advanced Masonry |
| 10:13 | Fragmentation Shards |
| 10:22 | Scout Tower |
| 10:23 | Scout Tower |
| 10:24 | Scout Tower |
| 11:30 | Mortar Team |
| 11:38 | Guard Tower |
| 11:42 | Scout Tower |
| 11:44 | Scout Tower |
| 11:45 | Scout Tower |
| 11:47 | Scout Tower |
| 11:50 | Refined Gunpowder |
| 12:18 | Farm |
| 12:19 | Farm |
| 12:21 | Farm |
| 12:22 | Farm |
| 12:24 | Farm |
| 12:35 | Flying Machine |
| 12:36 | Flying Machine |
| 12:36 | Flying Machine |
| 12:36 | Flying Machine |
| 12:36 | Flying Machine |
| 12:36 | Flying Machine |
| 12:37 | Flying Machine |
| 12:43 | Steel Plating |
| 12:49 | Scout Tower |
| 12:50 | Scout Tower |
| 12:51 | Scout Tower |
| 12:51 | Scout Tower |
| 13:08 | Farm |
| 13:11 | Flying Machine |
| 13:11 | Flying Machine |
| 13:24 | Guard Tower |
| 13:31 | Gryphon Aviary |
| 13:48 | Guard Tower |
| 13:51 | Imbued Masonry |
| 13:55 | Flying Machine |
| 14:31 | Flying Machine |
| 14:54 | Guard Tower |
| 14:59 | Flying Machine |
| 14:59 | Flying Machine |
| 15:16 | Arcane Vault |
| 15:55 | Imbued Gunpowder |
| 16:35 | Cloud |
| 16:36 | Dragonhawk Rider |
| 17:00 | Dragonhawk Rider |
| 18:03 | Flying Machine |
| 18:13 | Flying Machine |
| 23:06 | Bash |
| 23:07 | Bash |
| 23:08 | Divine Shield |
| 23:09 | Divine Shield |
| 23:54 | Flying Machine |
| 23:54 | Flying Machine |
| 23:54 | Flying Machine |
| 23:59 | Flying Machine |
| 24:06 | Scout Tower |
| 24:07 | Scout Tower |
| 24:08 | Scout Tower |
| 24:09 | Scout Tower |
| 24:10 | Scout Tower |
| 24:10 | Scout Tower |
| 25:03 | Guard Tower |
| 25:06 | Scout Tower |
| 25:09 | Scout Tower |
| 26:38 | Flying Machine |
| 26:38 | Flying Machine |
| 26:38 | Flying Machine |
| 26:38 | Flying Machine |
| 26:39 | Flying Machine |
| 27:39 | Storm Bolt |
| 27:40 | Storm Bolt |
| 28:26 | Guard Tower |
| 29:43 | Dragonhawk Rider |
| 29:44 | Dragonhawk Rider |
| 35:54 | Mortar Team |
| 35:54 | Mortar Team |
| 35:54 | Mortar Team |
| 35:54 | Mortar Team |
| 35:55 | Mortar Team |
| 35:55 | Mortar Team |
| 35:55 | Mortar Team |
| 35:55 | Mortar Team |
| 36:00 | Studded Leather Armor |
| 44:31 | Holy Light |
| Right click | 1735 |
| Select group | 864 |
| Select | 521 |
| Build/train/purchase | 123 |
| Use ability | 113 |
| Misc. action | 100 |
| Chat | 88 |
| Assign group | 11 |
| Esc | 7 |
| Minimap ping | 4 |
⇛